 Dungeon Crawl Stone Soup version 0.26.1-10-gdfb7c7de75 (webtiles) character file.

Game seed: 16962903673548887730

537 phalm the Changer (level 7, -1/45 HPs)
             Began as an Octopode Transmuter on Apr 2, 2021.
             Was a Plaything of Xom.
             Slain by a mummy (18 damage)
             ... in an ossuary.
             The game lasted 00:11:09 (4479 turns).

phalm the Changer (Octopode Transmuter)             Turns: 4479, Time: 00:11:09

Health: -1/45      AC:  2    Str: 10    XL:     7   Next: 25%
Magic:  20/21      EV: 21    Int: 15    God:    Xom [...*..]
Gold:   162        SH:  5    Dex: 19    Spells: 5/13 levels left

rFire    . . .     SeeInvis .     - Unarmed
rCold    . . .     Faith    .   (shield currently unavailable)
rNeg     . . .     Spirit   .   (helmet currently unavailable)
rPois    x         Reflect  +   q - amulet of reflection
rElec    .         Harm     .   c - ring of magical power
rCorr    .         Rampage  .   y - ring of flight
Will     .....     Clarity  +   (no ring)
Stlth    ++........             (no ring)
HPRegen  0.15/turn              (no ring)
MPRegen  0.17/turn              (no ring)
                                (no ring)
                                (no ring)

@: spider-form (expiring), marked
A: tiny, almost no armour, stealthy swim, (amphibious), 8 rings, (constrict 8),
clarity, screaming 1
a: End Transformation, Renounce Religion, Evoke Flight


You were in an ossuary.
You worshipped Xom.
You were a favourite toy of Xom.
You were a venomous arachnid creature.
You visited 1 branch of the dungeon, and saw 4 of its levels.
You also visited: Sewer and Ossuary.

You collected 162 gold pieces.

Inventory:

Jewellery
 c - a ring of magical power (left front leg)
 q - an amulet of reflection (around neck)
 y - a ring of flight (right front leg)
Wands
 p - a wand of random effects (25)
 s - a wand of polymorph (12)
 v - a wand of iceblast (10)
 x - a wand of digging (6)
Scrolls
 a - 2 scrolls of remove curse
 b - a scroll of noise {unknown}
 g - a scroll of blinking
 i - 2 scrolls of enchant weapon {unknown}
 j - a scroll of magic mapping
 k - a scroll of amnesia {unknown}
 l - 2 scrolls of teleportation {unknown}
 o - a scroll of enchant armour {unknown}
 t - a scroll of fear {unknown}
 w - a scroll of identify {unknown}
Potions
 d - 2 potions of might {unknown}
 e - 3 potions of cancellation {unknown}
 f - a potion of attraction {unknown}
 h - 3 potions of flight {unknown}
 m - a potion of brilliance {unknown}
 n - 4 potions of curing {unknown}
 r - a potion of degeneration {unknown}
 u - a potion of heal wounds {unknown}


   Skills:
 + Level 2.6 Fighting
 + Level 3.1 Dodging
 + Level 3.8 Unarmed Combat
 * Level 3.7 Spellcasting
 * Level 4.0 Transmutations
 * Level 0.7 Ice Magic
 * Level 3.4 Poison Magic


You had 5 spell levels left.
You knew the following spells:

 Your Spells              Type           Power        Failure   Level
a - Beastly Appendage     Tmut           30%          12%         1
b - Spider Form           Tmut/Pois      7%           28%         3
c - Ice Form              Ice/Tmut       9%           77%         4

Your spell library contained the following spells:

 Spells                   Type           Power        Failure   Level
 Wereblood                Tmut           15%          16%         2
 Blade Hands              Tmut           7%           85%         5


Dungeon Overview and Level Annotations

Branches:
Dungeon (4/15)              Sewer (visited)         Ossuary (1/1)
 Temple: D:4-7

Altars:
Xom


Innate Abilities, Weirdness & Mutations

You cannot wear most types of armour.
You are very stealthy in the water. (Stealth+)
((You are amphibious.))
You can wear up to eight rings at the same time.
((You can use your tentacles to constrict eight enemies at once.))
((Your skin changes colour to match your surroundings (Stealth+).))
((Your rubbery body absorbs attacks. (AC +1, EV +1)))
((One of your tentacles bears a spike.))
You possess an exceptional clarity of mind.
You occasionally shout uncontrollably at your foes.


Message History

The mummy is heavily damaged.
The mummy hits you! The mummy completely misses you.
A hobgoblin zombie comes into view.
The rat zombie completely misses you.
You hit the mummy.
The mummy is heavily damaged.
The mummy closely misses you.
You hit the mummy.
The mummy is severely damaged.
The mummy completely misses you. The rat zombie misses you.
The mummy hits you but does no damage. The mummy closely misses you.
You see here a scroll labelled YSIABB JAIPLA.
You hit the mummy.
The mummy is severely damaged.
The rat zombie bites you but does no damage.
You hit the mummy.
You destroy the mummy!
The mummy hits you!!
You die...

##..######.^##
##..##....##..##
##..##..##.^##..##
##^.##. ##..##..##
##^.## #..##..##
##..## #..##..##
##..## #^^##..##
##..## ####
#..##..## ##..##
##.s## #..##..##
##..## #?MZZ#
##..## #..##
#?.!?MZ# ##..##
..## #.^!∩∩!.Z#
##..# .##
#.^..?!.^..# ##^.
## #^..^.!!^.^..#
##. #
############''# ##
...# # ###


You could see 2 mummies, a rat zombie, a hobgoblin zombie, a rat skeleton and a
goblin skeleton.

Vanquished Creatures
  Menkaure (Ossuary)
  A sky beast (D:3)
  A big kobold (Sewer)
  Ijyb (D:3)
  Terence (D:2)
  Natasha (thrice) (D:3)
  2 mummies
  5 adders
  A river rat (Sewer)
  4 worms
  2 dart slugs
  6 bats
  4 giant cockroaches
  6 goblins
  6 hobgoblins
  2 jackals (Sewer)
  A quokka (D:2)
  2 ball pythons (D:2)
  6 frilled lizards
  A gnoll skeleton (Ossuary)
  A gnoll zombie (Ossuary)
  A goblin zombie (Ossuary)
  3 hobgoblin skeletons (Ossuary)
  A hobgoblin zombie (Ossuary)
  A jackal skeleton (D:4)
  4 kobolds
  2 kobold skeletons (Ossuary)
  2 kobold zombies (Ossuary)
  An orc skeleton (Ossuary)
  2 orc zombies (Ossuary)
  10 rats
  A rat skeleton (Ossuary)
  2 rat zombies (Ossuary)
87 creatures vanquished.

Vanquished Creatures (collateral kills)
  A kobold (Sewer)
1 creature vanquished.

Vanquished Creatures (others)
  A kobold zombie (Ossuary)
1 creature vanquished.

Grand Total: 89 creatures vanquished

Notes
Turn   | Place    | Note
-------+----------+-------------------------------------------
     0 | D:1      | phalm the Octopode Transmuter began the quest for the Orb.
     0 | D:1      | Reached XP level 1. HP: 13/13 MP: 3/3
   527 | D:1      | Reached XP level 2. HP: 13/18 MP: 5/5
  1231 | D:2      | Reached XP level 3. HP: 20/23 MP: 6/6
  1389 | D:2      | Learned a level 3 spell: Spider Form
  1403 | D:2      | Found a shimmering altar of Xom.
  1561 | D:2      | Noticed Terence
  1566 | D:2      | Reached XP level 4. HP: 27/28 MP: 7/7
  1912 | D:2      | Reached skill level 1 in Poison Magic
  2060 | D:2      | Killed Terence
  2363 | D:2      | Became a worshipper of Xom of Chaos
  2397 | D:2      | XOM: divination: detect creatures
  2398 | D:3      | XOM: noise
  2399 | D:3      | Noticed Natasha
  2405 | D:3      | XOM: fog
  2410 | D:3      | Killed Natasha
  2411 | D:3      | Reached skill level 3 in Transmutations
  2411 | D:3      | Reached XP level 5. HP: 25/34 MP: 9/9
  2441 | D:3      | Found a glowing drain.
  2442 | D:3      | XOM: 1-stop teleportation journey
  2527 | D:3      | Noticed Natasha
  2558 | Sewer    | XOM: stealth player
  2558 | Sewer    | Entered a sewer
  2882 | Sewer    | Noticed a big kobold
  2882 | Sewer    | XOM: enchant monster (good)
  2883 | Sewer    | XOM: divination: detect items
  2888 | Sewer    | XOM: summons friendly shadow imp
  2889 | Sewer    | XOM: scenery: summon butterflies
  2892 | Sewer    | XOM: potion effect (haste)
  2909 | Sewer    | Killed a big kobold
  2911 | Sewer    | Reached XP level 6. HP: 18/39 MP: 10/10
  3116 | Sewer    | Found a glowing silver altar of Zin.
  3163 | D:3      | XOM: butterfly on damage
  3167 | D:3      | Killed Natasha
  3236 | D:3      | XOM is BORED!
  3236 | D:3      | XOM: give mutations
  3236 | D:3      | Gained mutation: You occasionally shout uncontrollably at
                  | your foes. [Xom's mischief]
  3236 | D:3      | Gained mutation: One of your tentacles bears a spike.
                  | [Xom's mischief]
  3324 | D:3      | Noticed Ijyb
  3335 | D:3      | Killed Ijyb
  3360 | D:3      | Noticed an ice beast
  3536 | D:3      | Noticed Natasha
  3544 | D:3      | Killed Natasha
  3773 | D:3      | Noticed a queen bee
  3773 | D:3      | an ice beast changed into a queen bee
  3774 | D:3      | XOM: summons friendly crimson imp
  3775 | D:3      | Noticed a sky beast
  3775 | D:3      | a queen bee changed into a sky beast
  3787 | D:3      | Killed a sky beast
  3895 | D:3      | XOM: give mutation
  3895 | D:3      | Gained mutation: You possess an exceptional clarity of
                  | mind. [Xom's grace]
  4194 | D:4      | Found a sand-covered staircase.
  4201 | Ossuary  | Entered an ossuary
  4209 | Ossuary  | XOM: noise
  4421 | Ossuary  | Reached XP level 7. HP: 38/45 MP: 12/12
  4427 | Ossuary  | Learned a level 4 spell: Ice Form
  4460 | Ossuary  | XOM: 2-stop teleportation journey
  4460 | Ossuary  | Noticed Menkaure
  4471 | Ossuary  | Killed Menkaure
  4472 | Ossuary  | Reached skill level 4 in Transmutations
  4479 | Ossuary  | Slain by a mummy

Illustrated notes

Levels and vault maps discovered:
D:1:      dpeg_arrival_ternary, layout_basic
D:2:      layout_loops_ring, xom_butterflies, uniq_terence
D:3:      layout_loops_ring, cheibrodos_sewer_entry_drain, uniq_natasha,
          uniq_ijyb
D:4:      kennysheep_big_flooded_room, layout_cave_pods,
          nicolae_ossuary_entry_giza, hangedman_abyss_or_decor_lesser_grid,
          st_stairs_7
Ossuary:  ossuary_due_pyramid

Skill      XL: |  1  2  3  4  5  6  7 |
---------------+----------------------+-----
Poison Magic   | 1 2 3 |  3.4
Transmutations | 3 4 |  4.0
Fighting       | 2 |  2.6
Spellcasting   | 3 |  3.7
Dodging        | 3 |  3.1
Unarmed Combat | |  3.8
Ice Magic      | |  0.7

Action                   |  1- 3 |  4- 6 |  7- 9 || total
-------------------------+-------+-------+-------++-------
Melee: Unarmed           |    56 |   159 |    17 ||   232
       Constrict         |    16 |    37 |     1 ||    54
       Tentacles         |    10 |    32 |       ||    42
       Punch             |     2 |     4 |       ||     6
       Kick              |     1 |    48 |       ||    49
 Cast: Beastly Appendage |     4 |    10 |       ||    14
       Spider Form       |       |     1 |     1 ||     2
Evoke: Wand              |       |     7 |       ||     7
  Use: Scroll            |       |     4 |       ||     4
 Stab: Sleeping          |     8 |     6 |       ||    14
       Distracted        |     1 |     1 |       ||     2
       Paralysed         |       |     2 |       ||     2
Armor: Skin              |     5 |     4 |     2 ||    11
Dodge: Dodged            |    35 |    75 |    20 ||   130
Block: Other             |       |     9 |     5 ||    14
